 Dungeon Crawl Stone Soup version 0.20-a0-33-g996f6e0 (webtiles) character file.

1950 Jivvin the Cleaver (level 8, -6/64 HPs)
             Began as a Minotaur Berserker on Nov 9, 2016.
             Was an Elder of Trog.
             Mangled by a gnoll
             ... wielding a +0 halberd
              (7 damage)
             ... on level 5 of the Dungeon.
             The game lasted 00:04:52 (4158 turns).

Jivvin the Cleaver (Minotaur Berserker)             Turns: 4158, Time: 00:04:52

Health: -6/64      AC: 13    Str: 24    XL:     8   Next: 99%
Magic:  7/7        EV:  5    Int:  4    God:    Trog [****..]
Gold:   320        SH:  0    Dex: 10    Spells: 0 memorised, 7 levels left

rFire  . . .     SeeInvis .     q - +0 war axe
rCold  . . .     Gourm    .     m - +0 chain mail {rPois}
rNeg   . . .     Faith    .     (no shield)
rPois  +         Spirit   .     (helmet restricted)
rElec  .         Reflect  .     e - +0 cloak
rCorr  .         Harm     .     (no gloves)
MR     +....                    (no boots)
Stlth  ..........               (no amulet)
                                p - ring of protection from magic
                                k - ring of wizardry

@: held
A: retaliatory headbutt, horns 2
a: Berserk, Trog's Hand, Brothers in Arms, Burn Spellbooks, Renounce Religion


You were on level 5 of the Dungeon.
You worshipped Trog.
Trog was greatly pleased with you.
You were not hungry.

You visited 1 branch of the dungeon, and saw 5 of its levels.
You also visited: Sewer.

You collected 320 gold pieces.

Inventory:

Hand Weapons
 q - a +0 war axe (weapon)
Armour
 e - a +0 cloak (worn)
 m - a +0 chain mail of poison resistance (worn)
Jewellery
 d - an uncursed ring of flight
 k - a ring of wizardry (left hand)
 p - a ring of protection from magic (right hand)
Wands
 n - a wand of flame (37/48)
Scrolls
 a - a scroll of teleportation {unknown}
 b - 2 scrolls of enchant weapon {unknown}
 i - a scroll of recharging {unknown}
 l - a scroll of noise
 r - 7 scrolls of identify
 s - 2 scrolls of remove curse
Potions
 v - a potion of berserk rage {unknown}
Comestibles
 c - 5 bread rations
 f - 3 chunks of flesh
 h - 2 meat rations
 j - 5 fruits
 o - a beef jerky


   Skills:
 - Level 3.6 Fighting
 + Level 10.6 Axes
 - Level 10.0 Armour
 - Level 2.1 Dodging


You had 7 spell levels left.
You didn't know any spells.

Dungeon Overview and Level Annotations

Branches:
Dungeon (5/15)             Temple (0/1) D:4

Altars:
Cheibriados
Makhleb
Okawaru
Ru
Uskayaw
Yredelemnul
The Shining One


Innate Abilities, Weirdness & Mutations

You reflexively headbutt those who attack you in melee.
You have a pair of horns on your head.


Message History

The gnoll throws a throwing net.
The throwing net hits you.
You become entangled in the net!
Things that are here:
a throwing net; a halberd You struggle against the net.
You tear a large gash into the net.
You shred the net and break free! The gnoll hits you but does no damage.
The gnoll hits you from afar with a halberd.
* * * LOW HITPOINT WARNING * * *
Unknown command.
The gnoll throws a throwing net.
The throwing net hits you.
You become entangled in the net!
You see here a throwing net.
You struggle against the net.
The gnoll hits you from afar with a halberd.
* * * LOW HITPOINT WARNING * * *
Unknown command.
You tear a large gash into the net.
The gnoll hits you but does no damage.
The gnoll hits you from afar with a halberd!
You die...

.. #############..
......)'g...#'#
####'###))..#.# #.g@.#.#
##)###.# #......# #......#
###################.#
.#....#.....).....#.#
.'....'.....)...).'.# ≈≈≈....#
.#....#......)....#'# #≈≈P...#
##'')'#############...#≈≈....#


You could see 2 gnolls.

Vanquished Creatures
  Sigmund (D:2)
  An orc warrior (D:5)
  An ice beast (D:5)
  A phantom (D:5)
  4 ogres
  A crocodile (Sewer)
  A centaur (D:5)
  A scorpion (D:4)
  A howler monkey (D:4)
  A crimson imp (D:5)
  Crazy Yiuf (D:3)
  An orc priest (D:4)
  2 gnoll shamans (D:5)
  3 hounds
  5 orc wizards
  2 bullfrog skeletons (D:4)
  Terence (D:2)
  Jessica (D:2)
  An iguana (D:4)
  Ijyb (D:3)
  23 gnolls
  5 adders
  A river rat (D:5)
  A shadow imp (D:4)
  An adder skeleton (D:5)
  2 worms
  A dart slug (D:2)
  5 leopard geckos
  16 orcs
  3 ball pythons
  6 giant cockroaches
  2 goblins (D:3)
  8 hobgoblins
  6 jackals (D:5)
  2 quokkas
  10 bats
  5 frilled lizards
  4 kobolds
  A leopard gecko skeleton (D:5)
  2 quokka skeletons
  9 rats
144 creatures vanquished.

Notes
Turn   | Place    | Note
-------+----------+-------------------------------------------
     0 | D:1      | Jivvin the Minotaur Berserker began the quest for the Orb.
     0 | D:1      | Reached XP level 1. HP: 19/19 MP: 0/0
   353 | D:1      | Reached XP level 2. HP: 23/26 MP: 1/1
   481 | D:2      | Reached skill level 5 in Axes
   489 | D:2      | Reached XP level 3. HP: 25/31 MP: 2/2
   604 | D:2      | Noticed Terence
   615 | D:2      | Killed Terence
   615 | D:2      | Reached ** piety under Trog
   650 | D:2      | Reached XP level 4. HP: 39/39 MP: 3/3
   772 | D:2      | Noticed Sigmund
   786 | D:2      | Killed Sigmund
   786 | D:2      | Reached skill level 5 in Armour
   786 | D:2      | Reached XP level 5. HP: 29/45 MP: 4/4
  1514 | D:2      | Found a snail-covered altar of Cheibriados.
  1515 | D:2      | Noticed Jessica
  1535 | D:2      | Killed Jessica
  1535 | D:2      | Reached XP level 6. HP: 40/51 MP: 5/5
  1613 | D:2      | Found a burning altar of Makhleb.
  2119 | D:3      | Noticed Ijyb
  2130 | D:3      | Killed Ijyb
  2263 | D:3      | Found a runed door.
  2268 | D:3      | Noticed Crazy Yiuf
  2278 | D:3      | Killed Crazy Yiuf
  2739 | D:4      | Reached XP level 7. HP: 41/57 MP: 6/6
  2756 | D:4      | Reached *** piety under Trog
  2823 | D:4      | Found a staircase to the Ecumenical Temple.
  2839 | D:4      | Found a hide-covered altar of Uskayaw.
  2839 | D:4      | Noticed a dagger
  2840 | D:4      | Noticed a dagger
  3228 | D:4      | Found a sacrificial altar of Ru.
  3229 | D:4      | Found a glowing golden altar of the Shining One.
  3229 | D:4      | Found an iron altar of Okawaru.
  3245 | D:4      | Found a basalt altar of Yredelemnul.
  3245 | D:4      | Found a faded altar of an unknown god.
  3256 | D:4      | Found a faded altar of an unknown god.
  3258 | D:4      | Found a faded altar of an unknown god.
  3260 | D:4      | Found a faded altar of an unknown god.
  3401 | D:5      | Entered Level 5 of the Dungeon
  3470 | D:5      | Reached skill level 10 in Armour
  3525 | D:5      | Reached XP level 8. HP: 32/64 MP: 7/7
  3626 | D:5      | Reached **** piety under Trog
  3705 | D:5      | Found a glowing drain.
  3709 | Sewer    | Entered a sewer
  3984 | D:5      | Reached skill level 10 in Axes
  4157 | D:5      | HP: 1/64 [gnoll/halberd (5)]
  4158 | D:5      | Mangled by a gnoll

Vault maps used:
D:1:      dpeg_arrival_castle, minivault_27
D:2:      lemuel_doored_altar, marbit_many_paths, uniq_jessica, uniq_terence,
          uniq_sigmund
D:3:      uniq_crazy_yiuf_cottage, uniq_iyjb
D:4:      chequers_temple_overflow_minitemple, dancing_weapons_uskayaw,
          gammafunk_temple_overflow_claw, kennysheep_boxes
D:5:      lemuel_castle_with_subvaults, gup_sewer_entry_bowl, first_bread
Sewer:    sewer_big_baddie

Skill      XL: |  1  2  3  4  5  6  7  8 |
---------------+-------------------------+-----
Axes           | 4 5 6 10 | 10.6
Armour         | 5 6 8 10 | 10.0
Fighting       | |  3.6
Dodging        | |  2.1

Action                   |  1- 3 |  4- 6 |  7- 9 || total
-------------------------+-------+-------+-------++-------
Melee: Hand axe          |    61 |    49 |       ||   110
       Headbutt          |     6 |    19 |    38 ||    63
       War axe           |       |    59 |   228 ||   287
Invok: Berserk           |       |     1 |     2 ||     3
  Use: Potion            |     3 |     2 |     4 ||     9
       Scroll            |     1 |     5 |       ||     6
  Eat: Chunk             |       |     7 |     7 ||    14
Armor: Animal skin       |    10 |       |       ||    10
       Chain mail        |       |    38 |   125 ||   163
       Skin              |       |     4 |       ||     4
Dodge: Dodged            |    38 |    35 |   102 ||   175
